 Dungeon Crawl Stone Soup version 0.25.0-46-gbd7b0854d2 (webtiles) character file.

Game seed: 12781969025170563696

96 Delamore the Skirmisher (level 4, -2/30 HPs)
             Began as a Gargoyle Fighter on July 13, 2020.
             Killed from afar by a dart slug (5 damage)
             ... with a slug dart
             ... on level 3 of the Dungeon.
             The game lasted 00:01:45 (1985 turns).

Delamore the Skirmisher (Gargoyle Fighter)          Turns: 1985, Time: 00:01:46

Health: -2/30      AC: 10    Str: 21    XL:     4   Next: 67%
Magic:  4/4        EV:  7    Int:  8    God:
Gold:   105        SH:  9    Dex:  9    Spells: 3/3 levels left

rFire    . . .     SeeInvis .   a - +0 flail
rCold    . . .     Gourm    .   c - +0 kite shield
rNeg     + . .     Faith    .   b - +0 scale mail
rPois    ∞         Spirit   .   (no helmet)
rElec    +         Reflect  .   (no cloak)
rCorr    .         Harm     .   (no gloves)
MR       .....                  (no boots)
Stlth    ..........             (no amulet)
HPRegen  0.10/turn              (no ring)
MPRegen  0.09/turn              (no ring)

@: no status effects
A: negative energy resistance 1, electricity resistance, unbreathing,
petrification resistance, rot immunity, AC +3
a: no special abilities


You were on level 3 of the Dungeon.
You were not hungry.

You visited 1 branch of the dungeon, and saw 3 of its levels.

You collected 105 gold pieces.

Inventory:

Hand Weapons
 a - a +0 flail (weapon)
Missiles
 p - 2 atropa-tipped darts (quivered)
Armour
 b - a +0 scale mail (worn)
 c - a +0 kite shield (worn)
Jewellery
 e - an uncursed ring of fire
Wands
 g - a wand of acid (4)
Scrolls
 h - 2 scrolls of teleportation {unknown}
 i - a scroll of fog {unknown}
 k - 2 scrolls of identify {unknown}
 l - a scroll of remove curse {unknown}
 m - a scroll of immolation {unknown}
 o - a scroll of enchant weapon {unknown}
Potions
 d - 2 potions of might
 j - a potion of curing {unknown}
 n - a potion of brilliance {unknown}
 q - 2 potions of stabbing {unknown}
Comestibles
 f - 5 rations
 r - 3 chunks of flesh


   Skills:
 + Level 4.7 Fighting
 + Level 3.6 Maces & Flails
 - Level 3.2 Armour
 - Level 3.2 Shields


You had 3 spell levels left.
You didn't know any spells.
Your spell library was empty.

Dungeon Overview and Level Annotations

Branches:
Dungeon (3/15)

Altars:


Innate Abilities, Weirdness & Mutations

You are resistant to torment.
Your stone body is resilient. (AC +3)
You are immune to poison.
You resist negative energy. (rN+)
You are resistant to electric shocks. (rElec)
You can survive without breathing.
You are immune to petrification.
You are immune to rotting.


Message History

A gnoll comes into view. It is wielding a +0 spear.
Something hits you but does no damage.
Throwing (i - inventory)
p - 3 atropa-tipped darts (quivered)
Press: ? - help, Shift-Dir - straight line, f - orc priest
Aim: an orc priest, wearing a +0 leather armour (chance to blind on hit: 75%)
You throw an atropa-tipped dart.
The orc priest looks encouraged for a moment.
Something hits you but does no damage.
The orc priest calls down the wrath of Beogh upon you.
Beogh smites you!
* * * LOW HITPOINT WARNING * * *
Things that are here:
a +0 dagger; a hobgoblin skeleton A puff of flame appears from out of thin air!
The puff of flame hits you.
* * * LOW HITPOINT WARNING * * *
A dart slug comes into view.
The dart slug launches a dart at you. The slug dart hits you.
You die... #.# ### ## #.# ... ## #.# ...^ ....##.###..... ................ #.# ......##.##..... #.# ###.#. #.# ... #.. # # #.# . #.# #@# #gg

#.#.##.### #o#
#........######## #o#
#...##.#..{.).o.# #{#
#.....w....#####.# #.#
##...#........##.###.#
##....##..##........#
#..## #..#####.#####
... ...# #.#


You could see a dart slug.

Vanquished Creatures
  4 adders (D:2)
  3 leopard geckos
  11 bats
  2 giant cockroaches (D:2)
  7 goblins
  11 hobgoblins
  5 kobolds
  A ball python (D:1)
  6 frilled lizards
  6 rats
56 creatures vanquished.

Notes
Turn   | Place    | Note
-------+----------+-------------------------------------------
     0 | D:1      | Delamore the Gargoyle Fighter began the quest for the Orb.
     0 | D:1      | Reached XP level 1. HP: 14/14 MP: 1/1
   287 | D:1      | Reached XP level 2. HP: 19/19 MP: 2/2
   616 | D:1      | Reached XP level 3. HP: 24/24 MP: 3/3
   697 | D:1      | Reached skill level 4 in Fighting
  1285 | D:2      | Reached XP level 4. HP: 30/30 MP: 4/4
  1985 | D:3      | Killed from afar by a dart slug

Illustrated notes

Levels and vault maps discovered:
D:1:      ebering_hopf_link, layout_rooms
D:2:      layout_basic
D:3:      layout_loops_cross

Skill      XL: |  1  2  3 |
---------------+----------+-----
Fighting       | 4 |  4.7
Maces & Flails | 3 |  3.6
Armour         | |  3.2
Shields        | |  3.2

Action                   |  1- 3 |  4- 6 || total
-------------------------+-------+-------++-------
Melee: Flail             |   190 |    78 ||   268
Throw: Dart              |       |     1 ||     1
  Eat: Chunk             |     2 |     2 ||     4
Armor: Scale mail        |   154 |    42 ||   196
Dodge: Dodged            |   110 |    20 ||   130
Block: Kite shield       |   122 |    39 ||   161
